 Dungeon Crawl Stone Soup version 0.21-a0-125-gb006224 (webtiles) character file.

1934 Lianjan the Carver (level 8, 0/71 HPs)
             Began as a Minotaur Fighter on July 14, 2017.
             Was an Elder of Okawaru.
             Slain by an orc priest
             ... wielding a +0 trident
              (3 damage)
             ... on level 6 of the Dungeon.
             The game lasted 00:06:13 (5078 turns).

Lianjan the Carver (Minotaur Fighter)               Turns: 5078, Time: 00:06:14

Health: 0/71       AC: 13    Str: 21    XL:     8   Next: 97%
Magic:  19/19      EV:  4    Int:  5    God:    Okawaru [****..]
Gold:   368        SH: 11    Dex: 12    Spells: 7/7 levels left

rFire    . . .     SeeInvis .   a - +0 long sword
rCold    . . .     Gourm    .   c - +0 shield
rNeg     . . .     Faith    .   j - +0 plate armour
rPois    .         Spirit   .   (helmet restricted)
rElec    .         Reflect  .   (no cloak)
rCorr    .         Harm     .   g - +0 pair of gloves
MR       .....                  (no boots)
Stlth    ..........             (no amulet)
HPRegen  0.21/turn              m - ring of magical power
MPRegen  0.16/turn              (no ring)

@: lethally poisoned (0 -> -1)
A: retaliatory headbutt, horns 2
a: Heroism, Renounce Religion


You were on level 6 of the Dungeon.
You worshipped Okawaru.
Okawaru was greatly pleased with you.
You were not hungry.

You visited 1 branch of the dungeon, and saw 6 of its levels.

You collected 368 gold pieces.

Inventory:

Hand Weapons
 a - a +0 long sword (weapon)
Armour
 c - a +0 shield (worn)
 g - a +0 pair of gloves (worn)
 j - a +0 plate armour (worn)
Jewellery
 b - an uncursed amulet of the gourmand {unknown}
 m - a ring of magical power (left hand)
Wands
 y - a wand of random effects (28/48)
Scrolls
 d - a scroll of immolation {unknown}
 k - 3 scrolls of fog {unknown}
 l - 3 scrolls of teleportation {unknown}
 o - 2 scrolls of enchant weapon {unknown}
 s - 4 scrolls of identify {unknown}
 v - 2 scrolls of remove curse {unknown}
 w - a scroll of noise {unknown}
 z - a scroll of enchant armour {unknown}
Potions
 e - 7 potions of curing {unknown}
 h - 3 potions of cancellation {unknown}
 i - a potion of resistance {unknown}
 n - 3 potions of heal wounds {unknown}
 p - 3 potions of mutation {unknown}
 r - a potion of might
 u - a potion of lignification {unknown}
 x - a potion of agility {unknown}
Comestibles
 f - 7 bread rations
 q - 2 royal jellies
 t - 2 meat rations
 A - 4 chunks of flesh


   Skills:
 + Level 6.7 Fighting
 * Level 9.3 Long Blades
 + Level 5.0 Armour
 + Level 7.1 Shields
 + Level 4.4 Invocations


You had 7 spell levels left.
You didn't know any spells.

Dungeon Overview and Level Annotations

Branches:
Dungeon (6/15)             Temple (0/1) D:4

Altars:
Gozag
Okawaru
Wu Jian
Xom


Innate Abilities, Weirdness & Mutations

You reflexively headbutt those who attack you in melee.
You have a pair of horns on your head.


Message History

* * * LOW HITPOINT WARNING * * *
Things that are here:
a scimitar; a chain mail You barely miss the orc priest.
Your headbutt misses the orc priest. Something hits you but does no damage.
Okay, then.
You barely miss the orc priest. You headbutt the orc priest!
The orc priest is heavily wounded.
You feel sick. You block the orc priest's attack.
Something hits you but does no damage.
You hit the orc priest.
The orc priest is severely wounded.
You block the orc priest's attack.
You hear some strange, mumbled words.
A magic dart appears from out of thin air!
The magic dart hits you!
You hit the orc priest.
The orc priest is almost dead.
You feel sick. The orc priest hits you with a trident.
You die...

########.######......#
.....................#
########.#######'#####
# <.....#.# #
......#.# # ........#
# ##......# #
....?...####### #
#####.)@†......
#..o.......
#..........
#+..../.... .$........
....####### ....#
#....#


You could see an orc priest.

Vanquished Creatures
  A two-headed ogre (D:3)
  Grinder (D:3)
  2 orc warriors
  Duvessa (D:6)
  An ogre (D:5)
  A centaur (D:6)
  Dowan (D:6)
  A howler monkey (D:4)
  3 crimson imps (D:5)
  A jelly (D:5)
  2 bullfrog skeletons (D:5)
  An orc priest (D:6)
  A centaur skeleton (D:4)
  3 worker ants
  11 adders
  3 oozes
  3 adder skeletons
  3 worms (D:3)
  A dart slug (D:1)
  2 leopard geckos (D:5)
  16 orcs
  5 giant cockroaches
  13 goblins
  5 hobgoblins
  6 kobolds
  7 quokkas
  5 bats
  4 frilled lizards
  A jackal zombie (D:5)
  A leopard gecko skeleton (D:4)
  A quokka skeleton (D:5)
  6 rats
  A plant (D:2)
114 creatures vanquished.

Vanquished Creatures (others)
  3 plants (D:2)
3 creatures vanquished.

Grand Total: 117 creatures vanquished

Notes
Turn   | Place    | Note
-------+----------+-------------------------------------------
     0 | D:1      | Lianjan the Minotaur Fighter began the quest for the Orb.
     0 | D:1      | Reached XP level 1. HP: 19/19 MP: 0/0
   176 | D:1      | Reached skill level 3 in Long Blades
   277 | D:1      | Reached XP level 2. HP: 26/26 MP: 1/1
   763 | D:1      | Reached XP level 3. HP: 31/31 MP: 2/2
   891 | D:2      | Reached skill level 4 in Long Blades
  1028 | D:2      | Found a shimmering altar of Xom.
  1078 | D:2      | Reached XP level 4. HP: 39/39 MP: 3/3
  1325 | D:2      | Found an opulent altar of Gozag.
  1329 | D:2      | Reached skill level 5 in Long Blades
  1629 | D:2      | Found an iron altar of Okawaru.
  1854 | D:2      | Became a worshipper of Warmaster Okawaru
  1899 | D:3      | Found a shimmering altar of Xom.
  1973 | D:3      | Noticed Grinder
  1985 | D:3      | Killed Grinder
  1985 | D:3      | Reached * piety under Okawaru
  1985 | D:3      | Reached skill level 6 in Long Blades
  1985 | D:3      | Reached skill level 5 in Shields
  1985 | D:3      | Reached skill level 1 in Invocations
  1985 | D:3      | Reached XP level 5. HP: 25/46 MP: 5/5
  1985 | D:3      | Reached XP level 6. HP: 28/52 MP: 6/6
  2132 | D:3      | Found an ornate altar of the Wu Jian Council.
  2197 | D:3      | Reached ** piety under Okawaru
  2387 | D:3      | Noticed a two-headed ogre
  2701 | D:3      | Killed a two-headed ogre
  2701 | D:3      | Reached *** piety under Okawaru
  2701 | D:3      | Reached skill level 5 in Fighting
  2701 | D:3      | Reached skill level 8 in Long Blades
  2701 | D:3      | Reached XP level 7. HP: 23/61 MP: 8/8
  3261 | D:3      | Reached XP level 8. HP: 63/69 MP: 9/9
  3355 | D:4      | Found a staircase to the Ecumenical Temple.
  3990 | D:5      | Entered Level 5 of the Dungeon
  4785 | D:6      | Noticed Dowan
  4788 | D:6      | Noticed Duvessa
  4794 | D:6      | Killed Duvessa
  4794 | D:6      | Reached skill level 9 in Long Blades
  4802 | D:6      | Killed Dowan
  4967 | D:6      | Reached **** piety under Okawaru
  5070 | D:6      | Reached skill level 5 in Armour
  5078 | D:6      | HP: 3/71 [poisoned by a worker ant]
  5078 | D:6      | Slain by an orc priest

Vault maps used:
D:1:      dpeg_arrival_fog
D:2:      wad_woods_stonehenge, nicolae_gozag_cash_rules_everything_around_me,
          lemuel_coloured_pillars_altar
D:3:      xom_teletrap_fun, nicolae_overflow_crystal_walls, chequers_big_river,
          hex_tiny, uniq_grinder
D:4:      minmay_temple_entry_trees, first_bread
D:6:      feat_on_display, uniq_duvessa

Skill      XL: |  1  2  3  4  5  6  7  8 |
---------------+-------------------------+-----
Long Blades    | 3 4 6 8 9 |  9.3
Shields        | 4 5 6 7 |  7.1
Fighting       | 4 5 6 |  6.7
Invocations    | 1 3 4 |  4.4
Armour         | 5 |  5.0

Action                   |  1- 3 |  4- 6 |  7- 9 || total
-------------------------+-------+-------+-------++-------
Melee: Long sword        |    74 |   129 |   207 ||   410
       Headbutt          |     8 |    29 |    46 ||    83
  Use: Potion            |       |     1 |       ||     1
  Eat: Chunk             |     1 |     4 |     8 ||    13
       Fruit             |       |       |     1 ||     1
Armor: Scale mail        |    35 |    27 |       ||    62
       Plate armour      |       |    19 |    87 ||   106
Dodge: Dodged            |    15 |    22 |    24 ||    61
Block: Shield            |    30 |    58 |    99 ||   187
       Rpst.: Long sword |     3 |     4 |     9 ||    16
